AoeStats
← Desert_Prince

Arabia

510633619Analyzed
1v1 RM · 1d ago on Oct 1, 2026· 37m 31s· 2 players
Game mode
Random Map
Map size
Tiny (2 player)
Population
200
Speed
Normal
Resources
Standard
Victory
Conquest
Starting age
Dark Age
Ending age
Imperial Age
RankedLock teamsTeams togetherTeam positionsShared explorationLock speedFull tech treeHidden civsTurbo modeCheats
Victory
Defeat
🇲🇦 Bengalis · Morocco
1789
+16
🇷🇴 Danes · Romania
1793
-16
Desert_Prince
6:18 Loom
8:45 Feudal Age
12:22 Fletching
14:34 Double-Bit Axe
16:31 Forging
18:09 Horse Collar
21:39 Castle Age
20:32 Gold Mining
22:10 Padded Archer Armor
21:42 Crossbowman
22:18 Bodkin Arrow
22:35 Bow Saw
22:54 Padded Archer Armor
24:11 Ballistics
25:10 Elite Skirmisher
27:42 Wheelbarrow
27:37 Heavy Plow
28:42 Stone Mining
33:43 Imperial Age
32:04 Hand Cart
34:22 Husbandry
34:33 Bloodlines
34:25 Bracer
35:26 Chemistry
34:51 Scale Barding Armor
36:52 Iron Casting
36:37 Chain Barding Armor
ImperPok
5:56 Loom
8:52 Feudal Age
9:04 Man-at-Arms
10:26 Arson
13:20 Double-Bit Axe
15:19 Fletching
17:05 Padded Archer Armor
19:17 Wheelbarrow
23:14 Castle Age
21:35 Horse Collar
21:46 Gold Mining
23:17 Elite Skirmisher
23:52 Bodkin Arrow
28:02 Ballistics
29:14 Ballistics
35:41 Gambesons
35:57 Squires
35:58 Scale Mail Armor
37:06 Gold Shaft Mining
39:16 Imperial Age
36:49 Pikeman
37:52 Forging
Connection lost

Rejoining the realm…

Still unreachable

The connection could not be restored.

Session expired

The server has moved on; the page needs a fresh start.